 Dungeon Crawl Stone Soup version 0.16.0-11-gd45b091 (webtiles) character file.

13077 aronpayne the Fighter (level 11, -5/105 HPs)
             Began as a White Draconian Berserker on Mar 16, 2015.
             Was the Champion of Trog.
             Killed by divine providence
             ... invoked by a deep elf priest
              (12 damage)
             ... on level 1 of the Elven Halls on Mar 17, 2015.
             The game lasted 01:09:51 (13089 turns).

aronpayne the Fighter (White Draconian Berserker)  Turns: 13089, Time: 01:09:51

Health: -5/105     AC:  7    Str: 25    XL:     11   Next: 70%
Magic:  3/3        EV: 19    Int:  8    God:    Trog [******]
Gold:   1100       SH:  0    Dex: 15    Spells: 0 memorised, 10 levels left

rFire  . . .     SeeInvis .     T - +7 executioner's axe (antimagic)
rCold  + . .     Clarity  .     (armour unavailable)
rNeg   . . .     SustAb   .     (no shield)
rPois  .         Gourm    +     (helmet restricted)
rElec  .         Spirit   .     (no cloak)
rCorr  .         Warding  .     (no gloves)
rMut   .         Stasis   .     (no boots)
MR     .....                    Q - amulet of the gourmand
Stlth  +.........               U - +3 ring of strength
                                w - +4 ring of dexterity

@: exhausted, manticore barbs, slowed, drained, very slow, not resistant to
hostile enchantments, very unstealthy
A: breathe frost, unfitting armour, cold resistance 1, cold-blooded, AC +7
a: Breathe Frost, Burn Spellbooks, Berserk, Trog's Hand, Brothers in Arms,
Renounce Religion


You were on level 1 of the Elven Halls.
You worshipped Trog.
Trog was exalted by your worship.
You were not hungry.

You visited 3 branches of the dungeon, and saw 15 of its levels.
You also visited: Ossuary.

You collected 1100 gold pieces.

Inventory:

Hand weapons
 N - a +5 scimitar of draining
 T - a +7 antimagic executioner's axe (weapon)
 V - a +2 broad axe of venom
Jewellery
 m - an uncursed ring of sustain abilities
 w - a +4 ring of dexterity (left hand)
 x - an uncursed ring of teleport control
 F - an uncursed ring of see invisible
 Q - an amulet of the gourmand (around neck)
 U - a +3 ring of strength (right hand)
 W - an uncursed amulet of clarity
Magical devices
 D - a wand of heal wounds (6)
 J - a wand of flame (36)
Scrolls
 a - a scroll of acquirement {unknown}
 b - a scroll of enchant armour {unknown}
 g - 3 scrolls of enchant weapon {unknown}
 k - 8 scrolls of remove curse
 o - 2 scrolls of random uselessness {unknown}
 p - 3 scrolls of immolation {unknown}
 t - 4 scrolls of fear {unknown}
 u - 4 scrolls of blinking {unknown}
 v - 2 scrolls of recharging {unknown}
 y - a scroll of silence {unknown}
 A - 5 scrolls of magic mapping {unknown}
 B - 2 scrolls of noise {unknown}
 C - 3 scrolls of fog {unknown}
 G - 2 scrolls of amnesia {unknown}
 H - 3 scrolls of teleportation {unknown}
 M - a scroll of brand weapon {unknown}
 O - 2 scrolls of vulnerability {unknown}
 Y - a scroll of holy word {unknown}
Potions
 e - a potion of cure mutation
 f - 12 potions of curing
 h - 2 potions of invisibility
 i - 4 potions of restore abilities
 j - 3 potions of mutation
 l - a potion of berserk rage {unknown}
 n - 8 potions of heal wounds {unknown}
 q - 7 potions of haste
 r - a potion of flight
 s - a potion of cancellation {unknown}
 z - 4 potions of beneficial mutation {unknown}
 E - a potion of ambrosia {unknown}
 I - a potion of agility
 K - 2 potions of poison {unknown}
 L - a potion of resistance {unknown}
 P - a potion of might {unknown}
 R - a potion of magic {unknown}
 S - a potion of brilliance {unknown}
Comestibles
 c - 9 bread rations
 d - 2 fruits
 X - 4 chunks of flesh


   Skills:
 + Level 12.4(12.2) Fighting
 + Level 10.6(10.4) Axes
 + Level 10.8(10.7) Dodging


You had 10 spell levels left.
You didn't know any spells.

Dungeon Overview and Level Annotations

Branches:
Dungeon (11/15)            Temple (0/1) D:7             Orc (3/4) D:11
    Elf (1/3) Orc:3
   Lair: D:8-11

Altars:
Cheibriados
Dithmenos
Elyvilon
Makhleb
Qazlal
Xom
The Shining One
Beogh

Shops:
D:5 }


Innate Abilities, Weirdness & Mutations

You can breathe waves of freezing cold.
You can buffet flying creatures when you breathe cold.
Your icy white scales are hard (AC +7).
Your body does not fit into most forms of armour.
Your flesh is cold resistant.
Your cold-blooded metabolism reacts poorly to cold.


Message History

The barbs in your skin will harm you if you move.
Continue? [Y]es or [N]o only, please.
The barbs in your skin will harm you if you move.
Continue?
Okay, then.
You feel a strong urge to attack something.
The deep elf priest mumbles some strange prayers to its god against you.
Pain shoots through your body!
* * * LOW HITPOINT WARNING * * *
You slash the manticore!!
The manticore is almost dead.
You closely miss the deep elf summoner.
You are no longer berserk.
Trog's vigour flows through your veins.
You are exhausted.
You feel yourself slow down. The manticore bites you!!
* * * LOW HITPOINT WARNING * * *
The manticore barely misses you.
The manticore claws you but does no damage.
The deep elf priest calls down the wrath of its god upon you.
Something smites you!
You die...

#.. #.... ##+## #...... #.
##...## #........ .#
##.....###. .e..... #.#
##.......### .......
..####.........###).......
.....'.........'.e........
..####.........#@H......##
.######.......##.###.....
).).# ##.....###.# ....
###.###.....####.# ...
#.#..........#.# .
#............#.#
#...........#...
#...........#.##
#...........##


You could see a manticore shaped shifter, a deep elf summoner and a deep elf
priest.

Vanquished Creatures
  2 orc high priests (Elf:1)
  A hill giant (D:8)
  Pikel (D:8)
  3 deep elf conjurers (Elf:1)
  A cyclops (Orc:3)
  2 orc sorcerers (Orc:3)
  2 deep elf priests (Elf:1)
  A troll (Elf:1)
  Prince Ribbit (D:9)
  A yak (D:9)
  3 deep elf fighters (Elf:1)
  A wyvern (D:10)
  Eustachio (D:9)
  2 deep elf magi
  2 wargs (Elf:1)
  Edmund (D:9)
  2 sky beasts
  2 slaves (D:8)
  2 ice beasts
  A black bear (D:8)
  10 orc warriors
  9 ogres
  2 phantoms
  4 centaurs
  Duvessa (D:7)
  A big kobold (D:9)
  5 giant frogs
  6 killer bees (D:9)
  5 scorpions
  5 wights (D:8)
  Dowan (D:7)
  3 centaur zombies
  3 hounds
  3 jellies
  A centaur skeleton (D:10)
  A giant frog skeleton (D:9)
  2 iguanas (D:6)
  10 orc priests
  A gnoll shaman (D:7)
  9 orc wizards
  10 worker ants
  Natasha (twice) (D:6)
  A killer bee zombie (D:6)
  3 sheep (Orc:3)
  A hound zombie (D:6)
  14 mummies
  A worker ant zombie (D:10)
  11 adders
  10 gnolls
  A worm zombie (D:4)
  A giant mite (D:2)
  3 worms
  3 shadow imps
  An adder skeleton (D:4)
  6 giant geckos
  3 oozes
  79 orcs
  2 ball pythons
  13 bats
  2 bat zombies
  4 giant cockroaches
  19 hobgoblins
  15 jackals
  2 quokkas
  2 giant gecko skeletons
  A giant newt (D:1)
  A gnoll skeleton (Ossuary)
  12 goblins
  4 goblin skeletons (Ossuary)
  26 kobolds
  A kobold skeleton (Ossuary)
  2 orc skeletons (Ossuary)
  A quokka zombie (D:5)
  16 rats
  11 rat skeletons (Ossuary)
  2 ballistomycetes (D:9)
  2 butterflies
402 creatures vanquished.

Vanquished Creatures (others)
  A centaur (D:9)
  A giant spore (D:9)
2 creatures vanquished.

Grand Total: 404 creatures vanquished

Notes
Turn   | Place    | Note
--------------------------------------------------------------
     0 | D:1      | aronpayne, the Draconian Berserker, began the quest for the Orb.
     0 | D:1      | Reached XP level 1. HP: 19/19 MP: 1/1
   208 | D:1      | Reached XP level 2. HP: 26/26 MP: 2/2
   492 | D:1      | Acquired Trog's second power
   757 | D:2      | Reached XP level 3. HP: 23/33 MP: 3/3
   764 | D:2      | Reached skill level 4 in Fighting
   968 | D:2      | Reached XP level 4. HP: 35/40 MP: 4/4
  1774 | D:3      | Reached XP level 5. HP: 47/47 MP: 5/5
  1935 | D:3      | Acquired Trog's third power
  2438 | D:4      | Found a sand-covered staircase.
  2451 | D:4      | Reached skill level 5 in Fighting
  2486 | Ossuary  | Entered an ossuary
  2688 | Ossuary  | Reached XP level 6. HP: 47/56 MP: 6/6
  3184 | D:4      | Received a gift from Trog
  3589 | D:4      | Reached skill level 6 in Fighting
  3771 | D:4      | Noticed an ogre
  3784 | D:4      | Killed an ogre
  3784 | D:4      | Reached skill level 5 in Dodging
  3784 | D:4      | Your scales start taking on an icy white colour.
  3784 | D:4      | Gained mutation: Your flesh is cold resistant. [draconian maturity]
  3784 | D:4      | Reached XP level 7. HP: 37/63 MP: 7/7
  4027 | D:5      | Entered Level 5 of the Dungeon
  4027 | D:5      | Found Sanac's Quality Used Wands.
  4040 | D:5      | Found a white marble altar of Elyvilon.
  4334 | D:5      | Reached skill level 5 in Axes
  4613 | D:5      | Upgraded the game from 0.16.0-8-gd9ae3a8 to 0.16.0-11-gd45b091
  4662 | D:6      | Reached skill level 7 in Fighting
  4942 | D:6      | Reached XP level 8. HP: 39/73 MP: 8/8
  5713 | D:6      | Noticed Natasha
  5717 | D:6      | Killed Natasha
  5929 | D:6      | Noticed Natasha
  5933 | D:6      | Killed Natasha
  6062 | D:7      | HP: 2/74 [gnoll/spear (7)]
  6075 | D:7      | Reached skill level 8 in Fighting
  6344 | D:7      | Found a glowing golden altar of the Shining One.
  6856 | D:7      | Noticed Duvessa
  6858 | D:7      | Noticed Dowan
  6871 | D:7      | Killed Duvessa
  6871 | D:7      | Killed Dowan
  6959 | D:7      | Found a staircase to the Ecumenical Temple.
  7242 | D:7      | Reached XP level 9. HP: 55/82 MP: 9/9
  7514 | D:8      | Reached skill level 9 in Fighting
  8013 | D:8      | Noticed Pikel
  8023 | D:8      | Killed Pikel
  8251 | D:8      | Noticed a hill giant
  8255 | D:8      | Killed a hill giant
  8524 | D:8      | Found a shimmering altar of Xom.
  8530 | D:8      | Found a shadowy altar of Dithmenos.
  8531 | D:8      | Found a white marble altar of Elyvilon.
  8533 | D:8      | Found a snail-covered altar of Cheibriados.
  8534 | D:8      | Found a stormy altar of Qazlal.
  8590 | D:8      | Reached skill level 10 in Fighting
  8822 | D:9      | Reached XP level 10. HP: 80/93 MP: 10/10
  9060 | D:9      | Noticed Eustachio
  9067 | D:9      | Killed Eustachio
  9230 | D:9      | Noticed Edmund
  9234 | D:9      | Noticed Prince Ribbit
  9243 | D:9      | Killed Edmund
  9305 | D:9      | Killed Prince Ribbit
  9396 | D:9      | Found a burning altar of Makhleb.
  9534 | D:9      | Noticed a balrug
  9539 | D:9      | Noticed an orange demon
  9539 | D:9      | Noticed a smoke demon
  9930 | D:10     | Entered Level 10 of the Dungeon
  9943 | D:10     | Received a gift from Trog
 10150 | D:10     | Reached skill level 11 in Fighting
 10548 | D:11     | Found a staircase to the Orcish Mines.
 10574 | D:11     | Found a roughly hewn altar of Beogh.
 10719 | Orc:1    | Entered Level 1 of the Orcish Mines
 10846 | Orc:1    | Found a roughly hewn altar of Beogh.
 11082 | Orc:2    | Reached skill level 10 in Dodging
 11095 | Orc:2    | Received a gift from Trog
 11512 | Orc:3    | Found a staircase to the Elven Halls.
 11586 | Orc:3    | Noticed an orc sorcerer
 11591 | Orc:3    | Killed an orc sorcerer
 11601 | Orc:3    | Noticed a cyclops
 11611 | Orc:3    | Killed a cyclops
 11611 | Orc:3    | Reached XP level 11. HP: 102/102 MP: 3/11
 11727 | Orc:3    | Noticed an orc sorcerer
 11733 | Orc:3    | Killed an orc sorcerer
 11923 | Orc:3    | Found a roughly hewn altar of Beogh.
 12196 | Elf:1    | Entered Level 1 of the Elven Halls
 12401 | Elf:1    | Noticed an orc high priest
 12417 | Elf:1    | Killed an orc high priest
 12666 | Elf:1    | Reached skill level 10 in Axes
 12691 | Elf:1    | Reached skill level 12 in Fighting
 12918 | Elf:1    | Noticed an orc high priest
 12924 | Elf:1    | Killed an orc high priest
 12928 | Elf:1    | Received a gift from Trog
 13082 | Elf:1    | Noticed a deep elf summoner
 13089 | Elf:1    | Killed from afar by a deep elf priest

Action                   |  1- 3 |  4- 6 |  7- 9 | 10-12 || total
-------------------------+-------+-------+-------+-------++-------
Melee: Hand axe          |    89 |   221 |   258 |       ||   568
       War axe           |       |       |    40 |    87 ||   127
       Executioner's axe |       |       |       |   178 ||   178
Invok: Berserk           |       |       |     5 |     3 ||     8
       Trog's Hand       |       |       |     2 |     1 ||     3
       Burn Spellbooks   |       |       |       |     1 ||     1
 Abil: Breathe Frost     |       |       |     2 |       ||     2
  Use: Scroll            |       |     3 |     7 |     2 ||    12
 Stab: Sleeping          |     1 |     2 |     1 |       ||     4
       Fleeing           |       |       |     1 |       ||     1
  Eat: Meat ration       |       |     2 |     2 |     1 ||     5
       Chunk             |       |     1 |     7 |     7 ||    15
       Pizza             |       |       |     2 |       ||     2
       Fruit             |       |       |     1 |     2 ||     3
       Royal jelly       |       |       |     1 |       ||     1
       Beef jerky        |       |       |       |     1 ||     1
